 Dungeon Crawl Stone Soup version 0.27-a0-1147-gb3d8e82157 (webtiles) character file.

Game seed: 5607084756389939528

130 HoaS the Twirler (level 5, -3/30 HPs)
             Began as a Gargoyle Gladiator on May 11, 2021.
             Slain by Sigmund
             ... wielding a +0 scythe
              (8 damage)
             ... on level 2 of the Dungeon.
             The game lasted 00:03:00 (1093 turns).

HoaS the Twirler (Gargoyle Gladiator)               Turns: 1093, Time: 00:03:00

Health: -3/30      AC:  8    Str: 19    XL:     5   Next: 14%
Magic:  5/5        EV: 12    Int:  8    God:
Gold:   47         SH:  0    Dex: 11    Spells: 4/4 levels left

rFire    . . .     SeeInvis .   a - +0 quarterstaff
rCold    . . .     Faith    .   (shield currently unavailable)
rNeg     + . .     Spirit   .   b - +0 leather armour
rPois    ∞         Reflect  .   c - +0 helmet
rElec    +         Harm     .   (no cloak)
rCorr    .         Rampage  .   (no gloves)
Will     .....                  (no boots)
Stlth    +.........             (no amulet)
HPRegen  0.10/turn              (no ring)
MPRegen  0.09/turn              (no ring)

@: hasted, very quick
A: sickness immunity, AC +4, negative energy resistance 1, electricity
resistance, torment resistance 1, petrification resistance
a: no special abilities


You were on level 2 of the Dungeon.
You visited 1 branch of the dungeon, and saw 2 of its levels.

You collected 47 gold pieces.

Inventory:

Hand Weapons
 a - a +0 quarterstaff (weapon)
Missiles
 e - 26 arrows
 g - 5 boomerangs (quivered)
Armour
 b - a +0 leather armour (worn)
 c - a +0 helmet (worn)


   Skills:
 - Level 2.1 Fighting
 + Level 5.7 Staves
 - Level 1.7 Throwing
 - Level 2.4 Dodging


You had 4 spell levels left.
You didn't know any spells.
Your spell library was empty.

Dungeon Overview and Level Annotations

Branches:
Dungeon (2/15)

Altars:
Trog

Annotations:
D:2 Sigmund


Innate Abilities, Weirdness & Mutations

You are immune to sickness and miasma.
Your stone body is resilient. (AC +4)
You are immune to poison.
You resist negative energy. (rN+)
You are resistant to electric shocks. (rElec)
You are resistant to unholy torment.
You are immune to petrification.


Message History

Sigmund hits you with a +0 scythe. Sigmund barely misses you.
You sock Sigmund!
Sigmund is heavily wounded.
Sigmund barely misses you. Sigmund barely misses you.
You feel less confused. Sigmund misses you. The rat closely misses you.
You feel yourself speed up. Sigmund hits you with a +0 scythe.
* * * LOW HITPOINT WARNING * * *
The rat barely misses you.
You hit Sigmund.
Sigmund is heavily wounded.
Sigmund closely misses you. The rat closely misses you.
You hit Sigmund but do no damage.
Sigmund is heavily wounded.
Sigmund closely misses you.
You hit Sigmund.
Sigmund is severely wounded.
The rat barely misses you.
You hit Sigmund but do no damage.
Sigmund is severely wounded.
Sigmund casts a spell at you.
You are confused.
The rat bites you but does no damage.
Sigmund screams, "I am the angel of ZOT!!!"
Sigmund barely misses you.
You see here a lumpy emerald potion.
Sigmund closely misses you. The rat barely misses you.
You sock the rat!
You kill the rat!
Sigmund hits you from afar with a +0 scythe.
* * * LOW HITPOINT WARNING * * *
You bump into the rock wall.
You feel less confused. Sigmund hits you but does no damage.
You closely miss Sigmund.
Sigmund is severely wounded.
Sigmund hits you with a +0 scythe!
You die...

#.....................##
#.....................#
#................._...#
###.........####........##
............'..#........#.
............##...##.#...#.
...(.....)..##...+..#.#.†.
............##...####.####
........@@..++..... ..#
.........!..##....###.#
............##....# #.#
....##########....# #.#
#.. ...... #+# #. #


You could see Sigmund.

Vanquished Creatures
  A necrophage (D:2)
  5 bats (D:1)
  An endoplasm (D:1)
  3 giant cockroaches (D:1)
  4 goblins
  4 hobgoblins (D:1)
  3 jackals (D:1)
  2 kobolds
  4 quokkas
  7 ball pythons
  2 frilled lizards (D:1)
  6 rats
42 creatures vanquished.

Notes
Turn   | Place    | Note
-------+----------+-------------------------------------------
     0 | D:1      | HoaS the Gargoyle Gladiator began the quest for the Orb.
     0 | D:1      | Reached XP level 1. HP: 12/12 MP: 1/1
   171 | D:1      | Reached XP level 2. HP: 17/17 MP: 2/2
   267 | D:1      | Reached skill level 4 in Staves
   340 | D:1      | Reached XP level 3. HP: 21/21 MP: 3/3
   952 | D:2      | Noticed a necrophage
  1025 | D:2      | Found a bloodstained altar of Trog.
  1046 | D:2      | Killed a necrophage
  1047 | D:2      | Reached skill level 5 in Staves
  1047 | D:2      | Reached XP level 4. HP: 22/26 MP: 4/4
  1047 | D:2      | Reached XP level 5. HP: 25/30 MP: 5/5
  1066 | D:2      | Noticed Sigmund
  1093 | D:2      | Slain by Sigmund

Illustrated notes

Levels and vault maps discovered:
D:1:      mainiacjoe_arrival_reflecting_pool, layout_loops_corners
D:2:      layout_basic, basic_altar, uniq_crazy_yiuf_cottage, uniq_sigmund,
          uniq_robin

Skill      XL: |  1  2  3 |
---------------+----------+-----
Staves         | 4 5 |  5.7
Fighting       | |  2.1
Throwing       | |  1.7
Dodging        | |  2.4

Action                   |  1- 3 |  4- 6 || total
-------------------------+-------+-------++-------
Melee: Quarterstaff      |   101 |    10 ||   111
Throw: Throwing net      |     2 |     1 ||     3
       Boomerang         |       |     4 ||     4
  Use: Scroll            |     1 |       ||     1
       Potion            |       |     1 ||     1
 Stab: Held in net/web   |     1 |       ||     1
Armor: Leather armour    |    42 |     2 ||    44
Dodge: Dodged            |    75 |    13 ||    88

Table legend: (Time is in decaauts)
 A = Elapsed time spent in this place.
 B = Non-inter-level travel time spent in this place.
 C = Inter-level travel time spent in this place.
 D = Time resting spent in this place.
 E = Time spent auto-exploring this place.
 F = Levels seen in this place.
 G = Mean time per level.
                   A        B        C        D        E       F      G
               +--------+--------+--------+--------+--------+-----+--------+
         Total |   1101 |   1052 |     49 |     52 |    740 |   2 |  550.5 |
       Dungeon |   1101 |   1052 |     49 |     52 |    740 |   2 |  550.5 |
               +--------+--------+--------+--------+--------+-----+--------+

Top non-repeatable levels by time:
     D:1: 998 daAuts
     D:2: 103 daAuts
